 Dungeon Crawl Stone Soup version 0.29.1-1-gd02db6906a (webtiles) character file.

Game seed: 6993595886336781758

357 MisterFreud the Sneak (level 6, 0/28 HPs)
             Began as a Felid Berserker on Oct 10, 2022.
             Was a Believer of Trog.
             Killed from afar by a hobgoblin (8 damage)
             ... with a puff of flame
             ... on level 4 of the Dungeon.
             The game lasted 00:03:15 (3262 turns).

MisterFreud the Sneak (Felid Berserker)             Turns: 3262, Time: 00:03:15

Health: 0/28       AC:  2    Str: 13    XL:     6   Next: 36%
Magic:  7/7        EV: 19    Int:  8    God:    Trog [**....]
Gold:   163        SH:  0    Dex: 18    Spells: 5/5 levels left
                                        Lives:  0   Deaths: 1

rFire   . . .      SeeInvis +     - Unarmed
rCold   . . .      Faith    .   (shield unavailable)
rNeg    . . .      Spirit   .   (body armour unavailable)
rPois   .          Reflect  .   (helmet unavailable)
rElec   .          Harm     .   (cloak unavailable)
rCorr   .          Rampage  .   (gloves unavailable)
Will    .....                   (boots unavailable)
Stlth   +++.......              (no amulet)
HPRegen 0.09/turn               (no ring)
MPRegen 0.10/turn               (no ring)

@: quick
A: very small, claws 1, fangs 3, see invisible, speed 1, shaggy fur 2, stealthy
paws, no weapons or thrown items, no armour, multi-lived
a: Renounce Religion, Berserk, Trog's Hand


You were on level 4 of the Dungeon.
You worshipped Trog.
Trog was pleased with you.
You visited 1 branch of the dungeon, and saw 4 of its levels.

You collected 163 gold pieces.

Inventory:

Jewellery
 i - a +6 ring of intelligence
Scrolls
 b - 2 scrolls of magic mapping
 e - 2 scrolls of teleportation
 j - a scroll of identify
Potions
 a - a potion of resistance
 c - 2 potions of curing {unknown}
 d - 2 potions of cancellation
 f - 2 potions of haste
 g - 2 potions of mutation
 h - a potion of might {unknown}


   Skills:
 - Level 3.0 Fighting
 + Level 4.4 Dodging
 - Level 6.0 Stealth
 - Level 6.0 Unarmed Combat


You had 5 spell levels left.
You didn't know any spells.
Your spell library was empty.

Dungeon Overview and Level Annotations

Branches:
Dungeon (4/15)             Temple (0/1) D:4

Altars:
Cheibriados
Fedhas
Makhleb
Okawaru
The Shining One


Innate Abilities, Weirdness & Mutations

You have sharp claws.
You have razor-sharp teeth.
You have supernaturally acute eyesight. (SInv)
You cover ground quickly. (Speed+)
You are covered in thick fur. (AC +2)
Your paws help you pounce on unaware monsters.
You are incapable of wielding weapons or throwing items.
You cannot wear armour.
You gain extra lives every three experience levels.


Message History

The wight is heavily damaged.
Things that are here:
a +2 long sword of freezing; a +0 robe You barely miss the wight.
The wight closely misses you.
You closely miss the wight. The wight misses you.
You closely miss the wight. Your bite misses the wight.
The wight barely misses you.
You claw the wight! Your claw misses the wight.
You bite the wight, but do no damage.
The wight is severely damaged.
The wight barely misses you.
You barely miss the wight.
The wight is severely damaged.
The wight misses you.
You barely miss the wight.
The wight is severely damaged.
The wight closely misses you.
You scratch the wight.
The wight is almost destroyed.
The wight hits you with a +1 falchion of protection!
You closely miss the wight.
The wight is almost destroyed.
You scratch the wight but do no damage. You bite the wight, but do no damage.
The wight is almost destroyed.
The wight closely misses you.
You scratch the wight but do no damage.
The wight is almost destroyed.
The wight hits you with a +1 falchion of protection!
* * * LOW HITPOINT WARNING * * *
You scratch the wight.
You destroy the wight!
Trog accepts your kill.
Your life force feels restored.
Training target 6.0 for Unarmed Combat reached!
Your Unarmed Combat skill increases to level 6!
You need to enable at least one skill for training.
A hobgoblin comes into view. It is carrying a wand of flame (24).
The hobgoblin shouts!
The hobgoblin zaps a wand.
The puff of flame hits you!
You die...

.. .8 ## ### ..###
#...######
....?....#
####..##.##########
.........z......@.#
#####.##..#######.#
#)###.........# #)#
##.######.g ..z...#
#.# ... ####### #.#
#### #.# #.# #.#


You could see a wight and a hobgoblin.

Vanquished Creatures
  Edmund (D:4)
  3 wights (D:4)
  A crimson imp (D:3)
  3 gnolls (D:4)
  2 adders
  A worm (D:2)
  2 dart slugs (D:2)
  An orc (D:2)
  3 bats
  3 endoplasms (D:3)
  3 giant cockroaches
  7 goblins
  9 hobgoblins
  4 kobolds
  3 quokkas
  9 ball pythons
  A frilled lizard (D:3)
  A hobgoblin zombie (D:3)
  A kobold zombie (D:3)
  3 orc skeletons (D:3)
  An orc zombie (D:3)
  3 rats
65 creatures vanquished.

Notes
Turn   | Place    | Note
-------+----------+-------------------------------------------
     0 | D:1      | MisterFreud the Felid Berserker began the quest for the
                  | Orb.
     0 | D:1      | Reached XP level 1. HP: 10/10 MP: 2/2
    18 | D:1      | Reached skill level 1 in Stealth
   322 | D:1      | Found a faded altar of an unknown god.
   460 | D:1      | Reached XP level 2. HP: 14/14 MP: 3/3
  1130 | D:2      | Found a snail-covered altar of Cheibriados.
  1190 | D:2      | Reached XP level 3. HP: 11/17 MP: 4/4
  1667 | D:3      | Found a blossoming altar of Fedhas.
  1991 | D:3      | Reached ** piety under Trog
  1999 | D:3      | Found a glowing golden altar of the Shining One.
  2023 | D:3      | Reached XP level 4. HP: 18/21 MP: 5/5
  2125 | D:3      | Found an iron altar of Okawaru.
  2732 | D:4      | Identified the +4 dagger "Julacw" {vorpal, *Corrode rF+
                  | Int+9}
  2737 | D:4      | Found a burning altar of Makhleb.
  2737 | D:4      | Noticed an Executioner
  2740 | D:4      | Noticed a smoke demon
  2740 | D:4      | Noticed an orange demon
  2813 | D:4      | Found a staircase to the Ecumenical Temple.
  2814 | D:4      | Noticed Edmund
  2832 | D:4      | Mangled by Edmund
  2833 | D:4      | Reached XP level 3. HP: -12/25 MP: 4/4
  2846 | D:4      | Killed Edmund
  2847 | D:4      | Reached skill level 5 in Stealth
  2847 | D:4      | Reached skill level 5 in Unarmed Combat
  2847 | D:4      | Reached XP level 4. HP: 19/21 MP: 5/5
  2847 | D:4      | Reached XP level 5. HP: 22/24 MP: 6/6
  3221 | D:4      | Gained mutation: You are covered in thick fur. (AC +2)
                  | [Felid growth]
  3221 | D:4      | Reached XP level 6. HP: 28/28 MP: 7/7
  3262 | D:4      | Killed from afar by a hobgoblin

Illustrated notes

Levels and vault maps discovered:
D:1:      dpeg_arrival_simpleton_c, layout_basic,
          shapermc_ecumenical_altar_venn, minmay_tall_x
D:2:      layout_basic, basic_altar, nicolae_titane
D:3:      layout_basic, nicolae_tso_besieged_by_evil, mainiacjoe_overflow_paths,
          okawaru_ov_weapons_minmay, grunt_ministairs_13, minivault_19
D:4:      layout_basic, nicolae_overflow_hidden_temple,
          makhleb_altar_promises_db, marbit_many_paths,
          minmay_temple_entry_junction, uniq_edmund

Skill      XL: |  1  2  3  4  5  6 |
---------------+-------------------+-----
Stealth        | 1 2 5 6 |  6.0
Unarmed Combat | 5 6 |  6.0
Fighting       | |  3.0
Dodging        | |  4.4

Action                   |  1- 3 |  4- 6 || total
-------------------------+-------+-------++-------
Melee: Unarmed           |    93 |    69 ||   162
       Punch             |     2 |     3 ||     5
       Bite              |     6 |    10 ||    16
Invok: Berserk           |     2 |     2 ||     4
  Use: Scroll            |     9 |     3 ||    12
 Stab: Sleeping          |    10 |     6 ||    16
Armor: Skin              |     2 |     1 ||     3
Dodge: Dodged            |    66 |    43 ||   109
